Map: 어스름 탑

Players

lIlIlIlIlIlI

  • Race: Terran Terran
  • League: Grandmaster

Mamuri - Winner!

  • Race: Zerg Zerg
  • League: Grandmaster

VOD

Have the link to the VOD?

Description

Time

  • Played on: Nov. 21, 2015, 11:01 a.m.
  • Length: 26:50
Show
View Real Time Build Order
Export as new Build Order

lIlIlIlIlIlI Terran 

Build Orders: Reaper Expand, MMM Bio 

Get SALT Encoding   

  12  0:00  SCV  
  13  0:13  SCV  
  14  0:20  Supply Depot  
  14  0:25  SCV  
  15  0:41  SCV  
  16  0:43  Barracks  
  16  0:48  Refinery  
  16  0:53  SCV  
  17  1:05  SCV  
  18  1:18  SCV  
  19  1:30  Orbital Command  
  19  1:32  Reaper  
  20  1:41  Command Center  
  20  1:52  Supply Depot  
  20  1:56  SCV  
  21  2:05  Marine  
  22  2:10  SCV  
  23  2:16  Factory  
  23  2:18  Refinery  
  23  2:22  SCV  
  24  2:27  Barracks Reactor  
  24  2:34  SCV  
  25  2:46  SCV  
  26  2:53  Orbital Command  
  26  2:59  SCV  
  27  3:07  Starport  
  27  3:09  Hellion  
  27  3:10  Hellion, Marine  
  27  3:11  SCV  
  33  3:14  Supply Depot  
  33  3:20  SCV  
  33  3:23  SCV  
  35  3:27  Marine  
  35  3:30  Armory  
  35  3:31  Hellion x2  
  40  3:39  SCV x2  
  42  3:44  Supply Depot  
  42  3:46  Medivac  
  44  3:49  Marine  
  44  3:52  SCV x2  
  44  3:54  Hellion  
  49  4:01  Liberator  
  49  4:02  Hellion  
  51  4:08  SCV x2  
  53  4:11  Supply Depot  
  53  4:18  Barracks Tech Lab  
  53  4:20  SCV x2  
  58  4:32  SCV  
  58  4:34  Command Center  
  58  4:36  Stimpack  
  58  4:37  Marine  
  60  4:39  Factory Tech Lab  
  60  4:42  Barracks  
  54  5:03  SCV, Marine  
  52  5:07  Barracks  
  52  5:09  Barracks x2  
  52  5:15  SCV  
  52  5:20  SCV  
  52  5:27  SCV  
  53  5:34  Marine  
  53  5:35  Marauder, Marine  
  52  5:36  Siege Tank, Starport Reactor  
  52  5:39  SCV  
  52  5:41  Refinery x2  
  56  5:45  Engineering Bay x2  
  56  5:46  SCV  
  57  5:50  Orbital Command  
  57  5:51  SCV  
  58  5:57  Barracks Reactor x2  
  58  5:58  Barracks Reactor, SCV  
  58  6:00  Marine x2, Marauder  
  58  6:03  SCV  
  64  6:15  SCV  
  64  6:17  Siege Tank, Medivac  
  64  6:18  Marine x2  
  71  6:19  Orbital Command  
  71  6:21  Marauder  
  74  6:27  SCV  
  74  6:31  Terran Infantry Weapons Level 1  
  75  6:37  SCV  
  75  6:39  SCV, Marine  
  77  6:40  Supply Depot, Marine x7  
  85  6:47  Terran Infantry Armor Level 1  
  85  6:48  Bunker  
  85  6:53  Supply Depot  
  85  7:02  SCV x3, Marauder  
  85  7:07  Barracks  
  90  7:08  Combat Shields, Barracks  
  90  7:09  Barracks  
  90  7:10  Marine  
  90  7:11  Marine  
  90  7:14  SCV  
  90  7:15  SCV  
  94  7:16  Siege Tank  
  94  7:17  Medivac  
  99  7:24  Marauder  
  99  7:26  Refinery  
  99  7:27  Refinery  
  101  7:30  Supply Depot x2  
  101  7:33  Supply Depot  
  101  7:37  Supply Depot, SCV x3  
  101  7:38  Marine  
  101  7:39  Marine  
  106  7:45  Marauder  
  106  7:49  SCV  
  109  7:56  Barracks Tech Lab x3  
  109  7:57  Medivac x2  
  112  7:59  Siege Tank  
  112  8:00  Marine x4  
  112  8:01  SCV, Marine  
  112  8:02  SCV  
  122  8:06  Marauder  
  124  8:15  Marine x2  
  124  8:16  SCV, Marauder x2  
  124  8:17  Starport  
  124  8:19  Supply Depot  
  131  8:20  Supply Depot  
  131  8:22  Supply Depot  
  131  8:40  Marine  
  131  8:41  Marauder x4, Marine x4  
  137  8:43  Medivac x2  
  137  8:47  Terran Infantry Weapons Level 2  
  146  8:49  Terran Infantry Armor Level 2  
  146  8:52  Liberator  
  146  8:53  SCV  
  146  8:54  Supply Depot  
  149  9:02  Marauder  
  149  9:03  Terran Ship Weapons Level 1  
  149  9:05  Marauder x2, Marine x3  
  161  9:13  Marine x4  
  161  9:15  Marine  
  166  9:20  Explosive Shrapnel Shells  
  166  9:23  Marine x3  
  171  9:24  Supply Depot, Marauder  
  171  9:28  Supply Depot  
  171  9:29  Supply Depot  
  171  9:30  Marauder, Marine x2  
  173  9:31  Concussive Shells  
  173  9:39  Liberator  
  172  9:46  Command Center  
  172  9:50  Marine  
  172  9:51  Marauder x2, Medivac, Marine x3  
  172  9:52  Marine x2  
  183  9:56  Medivac  
  189  10:04  Marauder x2, Marine  
  189  10:05  Supply Depot  
  194  10:09  Marine x2  
  196  10:15  Marauder  
  188  10:31  SCV  
  188  10:32  Marine  
  188  10:33  Marauder x2, Marine  
  195  10:37  Marine  
  195  10:38  Marauder x2  
  200  10:49  Marine x5  
  199  10:54  Marauder x2  
  199  10:56  Marine x3  
  196  10:59  Marauder x2  
  200  11:06  Marine  
  197  11:12  Marine x3  
  197  11:17  Terran Infantry Weapons Level 3, Terran Infantry Armor Level 3  
  197  11:35  Liberator x2  
  197  11:36  Liberator  
  185  11:47  Marine  
  185  11:48  Marauder  
  195  11:54  Planetary Fortress  
  177  12:15  Marine x2  
  155  12:16  Marauder x4, Marine x4  
  155  12:18  Liberator  
  155  12:19  Marine x2  
  167  12:33  Marine x4  
  167  12:34  Marine x2  
  173  12:37  Marauder x3  
  173  12:38  Marauder  
  173  12:44  Marine  
  134  12:51  Marine x3  
  134  12:58  Marauder, Marine  
  134  12:59  Marauder x3  
  134  13:00  Marine x3  
  134  13:02  Marine  
  144  13:06  Medivac  
  144  13:07  Medivac  
  144  13:09  Marine x3  
  151  13:19  Command Center  
  151  13:20  Marauder x4  
  151  13:22  Medivac  
  147  13:34  Marine x2  
  147  13:35  Factory Reactor  
  147  13:36  Medivac  
  147  13:37  Medivac  
  147  13:41  Marauder x2, Marine  
  155  13:42  Marauder x2  
  155  13:43  Terran Ship Weapons Level 2  
  162  13:49  Marine x2  
  162  13:52  Medivac  
  162  13:53  Marine x2  
  162  13:55  Marine  
  169  14:00  Sensor Tower, Missile Turret  
  171  14:03  Marine, Marauder x3  
  171  14:04  Marine x2  
  171  14:05  Marauder  
  171  14:06  Medivac  
  171  14:07  Marine x2  
  183  14:20  Marine  
  186  14:24  Marauder x2  
  186  14:25  Marauder  
  167  14:42  Marine x2  
  167  14:43  Marauder  
  173  14:45  Marauder  
  173  14:46  Marine  
  173  14:47  Marauder x2, Marine  
  173  14:48  Medivac x3  
  182  14:54  Marine x2  
  182  14:59  Marine x2  
  185  15:00  Marine x2  
  185  15:04  Marine x2, Marauder  
  193  15:07  Marauder  
  193  15:08  Marine x2  
  193  15:12  Marine x2  
  186  15:17  Marine x2  
  186  15:18  Marine x2, Medivac  
  190  15:25  Marauder  
  190  15:26  Marauder x2  
  194  15:30  Marine  
  194  15:31  Marine x3  
  194  15:59  Medivac x3  
  200  16:07  Planetary Fortress  
  200  16:13  Command Center  
  200  16:14  Command Center  
  181  16:49  Marine  
  181  16:50  Marauder x3, Marine x2  
  180  16:57  Marine  
  180  16:58  Marauder  
  180  16:59  Marine  
  144  17:04  Marine  
  144  17:05  Marine x2  
  144  17:07  Marine x2, Medivac x3  
  144  17:08  Marine  
  142  17:11  Marauder, Marine x2  
  142  17:15  Marine  
  145  17:17  Marine  
  145  17:19  Marine  
  145  17:22  Marine  
  147  17:23  Marine x2  
  147  17:25  Marine x3  
  147  17:29  Marine x2  
  155  17:32  Marine, Orbital Command  
  155  17:33  Marine  
  155  17:35  Marine  
  157  17:37  Medivac x3, Marauder  
  157  17:40  Marine  
  157  17:41  Marine x2  
  157  17:43  Marine x3  
  169  17:47  Marauder x2  
  169  17:50  Marauder  
  169  17:51  Marine  
  174  17:52  Marine  
  174  17:58  Marauder, Marine x3  
  175  18:00  Planetary Fortress  
  175  18:01  Marine  
  175  18:02  Marine x2  
  180  18:07  Viking  
  180  18:09  Marine, Marauder x2  
  180  18:12  Marauder  
  189  18:13  Viking x2  
  189  18:14  Marine  
  189  18:16  Marine x3  
  189  18:18  Marine  
  200  18:20  Marauder  
  193  18:58  Liberator x3  
  181  19:12  Marine  
  181  19:13  Marauder, Marine  
  185  19:27  Marine x3  
  185  19:28  Marauder x2  
  185  19:29  Marine x2  
  195  19:34  Marauder  
  195  19:46  Marine x2  
  195  19:47  Marine  
  195  19:49  Marauder x2  
  196  19:56  Marauder  
  163  20:12  Marine  
  163  20:13  Marauder, Marine  
  167  20:16  Sensor Tower  
  167  20:20  Marine x2  
  169  20:27  Orbital Command  
  169  20:30  Marine x4  
  169  20:31  Marine  
  169  20:34  Marine  
  175  20:45  Marine x2  
  175  20:46  Marauder x2  
  181  20:55  Marine x3  
  181  20:56  Marine, Marauder  
  179  21:04  Terran Vehicle And Ship Armor Level 1  
  179  21:07  Marauder x2  
  183  21:14  Command Center  
  183  21:17  Marauder  
  183  21:18  Command Center  
  160  21:53  Liberator x3  
  159  21:55  Marauder x2, Marine x4  
  159  21:56  Marauder  
  159  21:57  Marine x2  
  171  22:07  Marine x2  
  173  22:13  Marine x2  
  173  22:15  Marine  
  185  22:17  Marauder x3  
  187  22:30  Marine  
  187  22:31  Marine x3  
  187  22:35  Liberator  
  190  22:38  Marauder x3  
  150  23:00  Marine  
  150  23:01  Marine x5  
  150  23:02  Marine x3  
  159  23:06  Refinery x2  
  159  23:08  Refinery x2  
  159  23:25  Marine x7  
  159  23:26  Marine x4  
  169  23:43  Marine x11  
  180  24:00  Marine  
  180  24:01  Planetary Fortress, Marine  
  182  24:02  Marine  
  182  24:03  Marine x2  
  182  24:06  Medivac  
  182  24:09  Marauder  
  193  24:10  Marauder x2  
  193  24:14  Marine  
  193  24:15  Marine  
  190  24:36  Viking x2  
  163  25:13  Marine x2  
  163  25:14  Marauder x2  
  87  25:21  Marine  
  87  25:22  Marine x6  
Show
View Real Time Build Order
Export as new Build Order

Mamuri Zerg - Winner!

Build Orders: Hatch First, Lurkers 

Get SALT Encoding   

  12  0:00  Drone  
  13  0:13  Overlord  
  13  0:17  Drone  
  14  0:32  Drone x2  
  16  0:36  Drone  
  17  0:52  Hatchery  
  16  0:58  Drone x2  
  18  1:04  Extractor  
  18  1:09  Drone  
  18  1:18  Spawning Pool  
  18  1:22  Drone  
  18  1:35  Drone  
  19  1:49  Overlord  
  19  2:04  Queen  
  19  2:05  Zergling x4  
  19  2:06  Queen  
  19  2:08  Metabolic Boost  
  25  2:13  Drone  
  26  2:16  Drone  
  27  2:26  Drone x2  
  27  2:27  Drone  
  30  2:36  Drone x2  
  32  2:43  Queen  
  33  2:46  Drone  
  33  2:47  Drone  
  35  2:55  Overlord  
  35  2:57  Overlord  
  35  3:01  Roach Warren  
  34  3:10  Drone  
  35  3:15  Drone x6  
  35  3:17  Drone  
  42  3:30  Extractor  
  41  3:42  Drone x4  
  41  3:43  Hatchery, Drone  
  41  3:47  Roach  
  47  3:54  Overlord, Roach x2  
  47  3:55  Overlord  
  51  4:09  Overlord  
  53  4:17  Drone x3, Roach x2  
  53  4:22  Lair  
  59  4:24  Drone  
  59  4:25  Spore Crawler  
  59  4:26  Drone, Spore Crawler  
  59  4:28  Drone x2  
  60  4:42  Roach x2  
  60  4:43  Roach x3  
  70  4:48  Drone  
  71  4:56  Queen x2  
  72  5:05  Drone x6  
  75  5:11  Drone  
  75  5:12  Evolution Chamber  
  74  5:14  Drone x2  
  74  5:20  Drone x2  
  74  5:21  Drone  
  78  5:34  Overlord x3  
  78  5:40  Extractor  
  78  5:41  Extractor  
  76  5:45  Zerg Missile Weapons Level 1, Glial Reconstitution  
  76  5:54  Drone x3  
  76  5:55  Drone x3  
  82  5:57  Extractor x2  
  82  6:00  Hydralisk Den  
  82  6:01  Hatchery, Drone x3  
  82  6:04  Queen  
  81  6:05  Drone  
  81  6:08  Drone  
  81  6:09  Evolution Chamber, Drone x3  
  87  6:12  Drone x3  
  90  6:20  Drone x2  
  92  6:30  Lurker Den  
  92  6:31  Spore Crawler, Drone  
  92  6:32  Spore Crawler  
  91  6:33  Drone x4  
  91  6:35  Pneumatized Carapace, Zerg Ground Armor Level 1  
  91  6:36  Overseer  
  95  6:57  Overlord x2  
  95  6:58  Overlord x2  
  95  7:02  Overlord  
  95  7:11  Overlord  
  95  7:14  Burrow, Tunneling Claws  
  95  7:16  Hydralisk x4  
  95  7:17  Hydralisk x2  
  95  7:18  Drone x4  
  95  7:19  Drone x2  
  113  7:23  Spore Crawler, Drone x2  
  113  7:24  Spore Crawler  
  113  7:27  Spore Crawler  
  112  7:30  Spore Crawler, Hydralisk x2  
  112  7:31  Hydralisk  
  112  7:33  Drone  
  112  7:34  Ravager x2  
  120  7:39  Drone x3  
  120  7:40  Drone x3  
  126  7:56  Queen  
  126  7:57  Lurker x3  
  126  7:58  Extractor  
  130  7:59  Overlord x2  
  130  8:00  Ravager x2  
  130  8:02  Zergling x10  
  130  8:03  Zergling x2  
  138  8:18  Zerg Missile Weapons Level 2  
  138  8:19  Drone  
  140  8:20  Drone x2  
  140  8:24  Drone x3  
  140  8:25  Drone x3  
  140  8:26  Infestation Pit  
  146  8:27  Spore Crawler x2  
  146  8:28  Lurker  
  146  8:29  Drone x4  
  146  8:33  Drone x5  
  152  8:41  Spore Crawler  
  151  8:43  Zerg Ground Armor Level 2  
  151  8:47  Roach  
  151  8:48  Roach x2  
  157  8:51  Spore Crawler x2  
  157  8:53  Spore Crawler  
  154  9:01  Queen  
  154  9:02  Hive, Overlord  
  156  9:03  Overlord x2  
  156  9:04  Evolution Chamber  
  156  9:06  Zergling x10  
  160  9:16  Spore Crawler, Extractor  
  158  9:22  Spore Crawler  
  157  9:27  Spore Crawler x2, Lurker  
  157  9:28  Lurker  
  157  9:29  Lurker  
  157  9:30  Ravager x3  
  157  9:31  Spore Crawler  
  160  9:32  Zergling x2  
  160  9:57  Hatchery  
  160  9:58  Overlord x2, Roach x6  
  169  10:04  Drone x4  
  169  10:05  Spore Crawler x3  
  170  10:10  Zerg Melee Weapons Level 1  
  170  10:18  Overlord  
  170  10:28  Viper x4  
  162  10:29  Viper  
  167  10:38  Overlord  
  157  11:02  Zerg Ground Armor Level 3, Zerg Missile Weapons Level 3  
  145  11:14  Zergling x2  
  145  11:15  Zergling x14  
  145  11:17  Roach x3  
  145  11:18  Roach x4  
  167  11:20  Drone  
  167  11:21  Queen  
  167  11:22  Extractor  
  167  11:24  Spore Crawler, Extractor  
  167  11:26  Spore Crawler  
  167  11:27  Hatchery  
  167  11:29  Roach x3  
  158  11:41  Lurker x2  
  158  11:46  Overlord  
  157  11:58  Ravager x5  
  157  11:59  Ravager x3, Zergling x2  
  157  12:00  Zergling x12  
  158  12:14  Zergling x2  
  146  12:19  Roach  
  146  12:20  Drone, Roach x3  
  146  12:21  Drone x2  
  157  12:23  Zerg Melee Weapons Level 2  
  157  12:24  Queen  
  157  12:25  Adrenal Glands  
  157  12:26  Zergling x2  
  157  12:27  Zergling x2  
  126  12:53  Roach x7  
  126  12:54  Ravager x4  
  143  12:59  Drone x5  
  143  13:00  Spore Crawler  
  143  13:01  Spore Crawler  
  146  13:07  Roach x5  
  146  13:10  Overlord  
  146  13:11  Drone x2  
  158  13:27  Zergling x2  
  158  13:28  Zergling x16  
  158  13:33  Drone  
  168  13:39  Ravager x6  
  168  13:40  Ravager  
  175  13:44  Zergling x8  
  175  13:45  Drone x4, Zergling x4  
  175  13:46  Ravager x3  
  175  13:47  Ravager x2  
  190  13:50  Zergling x4  
  190  13:54  Overlord  
  192  13:58  Roach  
  192  13:59  Roach x2  
  192  14:00  Extractor  
  192  14:01  Zergling x4  
  199  14:09  Ultralisk Cavern  
  198  14:15  Hatchery  
  197  14:26  Zergling x4  
  186  14:48  Zergling x16  
  186  14:51  Zerg Melee Weapons Level 3  
  194  14:58  Spore Crawler x2, Extractor  
  191  15:04  Hydralisk x3  
  191  15:05  Hydralisk  
  198  15:12  Zergling x6  
  198  15:13  Hatchery  
  190  15:31  Spore Crawler x2  
  190  15:32  Zergling x2  
  190  15:33  Zergling x4  
  186  15:36  Spore Crawler, Lurker  
  186  15:37  Spore Crawler  
  186  15:39  Lurker x3  
  188  15:48  Zergling x16  
  196  16:00  Muscular Augments  
  196  16:02  Chitinous Plating  
  194  16:26  Drone  
  166  16:47  Zergling x16  
  166  16:53  Ultralisk x2  
  179  17:01  Drone x3  
  170  17:03  Ultralisk  
  170  17:04  Ultralisk x3  
  170  17:05  Zergling x4  
  196  17:14  Spore Crawler  
  195  17:16  Spore Crawler  
  195  17:17  Zergling x2  
  195  17:18  Spore Crawler, Zergling x10  
  198  17:29  Overlord  
  197  17:30  Overseer  
  197  17:36  Nydus Network  
  196  17:37  Spire  
  196  17:38  Spire  
  196  17:39  Zergling x2  
  196  17:40  Zergling x8  
  196  17:54  Overlord  
  196  17:58  Extractor, Zergling x8  
  198  17:59  Overseer, Extractor  
  198  18:02  Zergling x2  
  199  18:07  Zergling x4  
  198  18:15  Nydus Canal  
  198  18:32  Nydus Canal  
  192  18:44  Zergling x2  
  192  18:45  Zergling x8  
  191  19:01  Zergling x18  
  181  19:10  Ultralisk x2, Nydus Canal  
  172  19:26  Infestor  
  171  19:31  Zergling x4  
  171  19:32  Zergling x2  
  171  19:46  Zergling x18  
  171  19:51  Zergling x4  
  171  19:56  Ultralisk x3  
  171  19:58  Infestor x3  
  185  20:04  Infestor x2  
  185  20:06  Zerg Flyer Weapons Level 1, Zerg Flyer Armor Level 1  
  170  20:09  Infestor  
  170  20:12  Hatchery  
  164  20:16  Infestor  
  164  20:17  Infestor  
  164  20:19  Pathogen Glands  
  164  20:30  Hydralisk x4  
  164  20:32  Infestor x3  
  164  20:33  Zergling x4  
  164  20:34  Zergling x6  
  177  20:39  Nydus Canal  
  177  20:40  Zergling x2  
  179  20:42  Overlord  
  179  20:50  Zergling x4  
  178  20:58  Hatchery, Zergling x4  
  180  21:11  Lurker x4  
  183  21:31  Zergling x2  
  183  21:32  Zergling x14  
  176  21:46  Zergling x4  
  176  21:47  Zergling x2  
  179  21:52  Infestor x2  
  178  21:57  Corruptor x7  
  192  22:02  Corruptor  
  194  22:09  Hatchery  
  194  22:13  Corruptor x2  
  197  22:16  Greater Spire, Zerg Flyer Weapons Level 2  
  186  22:54  Zergling x2  
  186  22:55  Zergling x16  
  191  23:27  Brood Lord  
  191  23:28  Brood Lord x3  
  199  23:34  Extractor  
  199  23:35  Extractor  
  192  23:43  Corruptor x4  
  195  24:11  Corruptor x2  
  195  24:12  Zerg Flyer Armor Level 2  
  198  24:31  Zergling x2  
  179  25:18  Zergling x2  
  179  25:19  Zergling x16  
  160  25:39  Ultralisk  
  160  25:40  Ultralisk x2  
  160  25:41  Ultralisk x3  
  195  25:43  Queen  
  195  25:45  Zergling x6  
  195  25:46  Zergling x2  
  197  25:51  Overlord  
  197  25:52  Zergling x4  
  194  26:08  Zergling x4  
  194  26:09  Zergling x2  
Tags
 
Add a new tag
Caveats
  • Supply blocks, unpowered buildings, or Contaminate may cause inaccurate times.
  • Supply counts are checked every 10 seconds.